 Dungeon Crawl Stone Soup version 0.29-a0-723-gce39da1c22 (webtiles) character file.

Game seed: 13552227149250136789

7 gobodom the Ogre Mage (level 2, -1/24 HPs)
             Began as an Ogre Hedge Wizard on June 28, 2022.
             Slain by a quokka (3 damage)
             ... on level 1 of the Dungeon.
             The game lasted 00:01:42 (305 turns).

gobodom the Ogre Mage (Ogre Hedge Wizard)            Turns: 305, Time: 00:01:42

Health: -1/24      AC:  3    Str: 13    XL:     2   Next: 0%
Magic:  0/6        EV:  9    Int: 15    God:
Gold:   0          SH:  0    Dex:  8    Spells: 7/8 levels left

rFire   . . .      SeeInvis .   g - staff of conjuration
rCold   . . .      Faith    .   (no shield)
rNeg    . . .      Spirit   .   b - +0 robe
rPois   .          Reflect  .   c - +0 hat
rElec   .          Harm     .   (no cloak)
rCorr   .          Rampage  .   (gloves unavailable)
Will    .....                   (boots unavailable)
Stlth   +.........              (no amulet)
HPRegen 0.08/turn               (no ring)
MPRegen 0.10/turn               (no ring)

@: no status effects
A: large, unfitting armour, tough skin 1
a: no special abilities


You were on level 1 of the Dungeon.
You visited 1 branch of the dungeon, and saw 1 of its levels.

Inventory:

Hand Weapons
 a - a +0 dagger
Armour
 b - a +0 robe (worn)
 c - a +0 hat (worn)
Magical Staves
 g - a staff of conjuration (weapon)
Scrolls
 e - a scroll of enchant weapon {unknown}
 f - 3 scrolls of brand weapon {unknown}
 h - a scroll of poison {unknown}
 i - a scroll of identify {unknown}
Potions
 d - a potion of magic


   Skills:
 * Level 0.8 Staves
 + Level 2.0 Dodging
 + Level 1.4 Stealth
 + Level 3.7 Spellcasting
 * Level 0.8 Conjurations
 + Level 0.8 Summonings
 + Level 0.8 Translocations


You had 7 spell levels left.
You knew the following spells:

 Your Spells              Type           Power      Damage    Failure   Level
a - Magic Dart            Conj           32%        1d4       13%         1

Your spell library contained the following spells:

 Spells                   Type           Power      Damage    Failure   Level
 Slow                     Hex            8%         N/A       19%         1
 Blink                    Tloc           10%        N/A       21%         2
 Call Imp                 Summ           5%         N/A       21%         2
 Conjure Flame            Conj/Fire      6%         6-21      43%         3
 Mephitic Cloud           Conj/Pois/Air  5%         N/A       45%         3


Dungeon Overview and Level Annotations

Branches:
Dungeon (1/15)

Altars:


Innate Abilities, Weirdness & Mutations

You are too large for most types of armour.
You have tough skin. (AC +1)


Message History

The quokka completely misses you.
You barely miss the quokka.
The quokka is lightly wounded.
The quokka closely misses you.
The quokka bites you but does no damage.
Casting: Magic Dart (safe; 13% risk of failure)
Confirm with . or Enter, or press ? or * to list all spells.
You don't have enough magic to cast this spell.
Unknown command.
You miss the quokka.
The quokka is lightly wounded.
The quokka bites you.
* * * LOW HITPOINT WARNING * * *
You miss the quokka.
The quokka is lightly wounded.
The quokka completely misses you.
Casting: Magic Dart (safe; 13% risk of failure)
Confirm with . or Enter, or press ? or * to list all spells.
Aiming: Magic Dart (safe; 13% risk of failure)
Press: ? - help, Shift-Dir - straight line, f/p - quokka
Aim: a quokka (lightly wounded, 100% to hit)
You feel a surge of power!
The magic dart hits the quokka.
The quokka is moderately wounded.
The quokka closely misses you. The quokka bites you.
* * * LOW HITPOINT WARNING * * *
You hit the quokka but do no damage.
The quokka is moderately wounded.
The quokka bites you but does no damage.
You hit the quokka but do no damage.
The quokka is lightly wounded.
The quokka bites you.
* * * LOW HITPOINT WARNING * * *
The quokka attacks as you move away!
The quokka bites you but does no damage.
The quokka barely misses you. The quokka attacks as you move away!
The quokka barely misses you. The quokka attacks as you move away!
The quokka bites you but does no damage.
The quokka attacks as you move away! The quokka bites you.
You die...

#.#.########
#.##.#......
#.#.#.###'##
#.#.#.#..... #.
######.#.#.#.....
#.####..'.'.#.#.+..<..
###.......###.#.#.#.....
.......#..###.#.#.#.....
#....@>...#.#.#.###+##
##...#r.###.# .#.
#.####.##.†###.#
#..$.........#..
#########..##### #..#
#.... #..... #####...


You could see a quokka.

Vanquished Creatures
  A dart slug (D:1)
  An endoplasm (D:1)
  A giant cockroach (D:1)
  A quokka (D:1)
4 creatures vanquished.

Notes
Turn   | Place    | Note
-------+----------+-------------------------------------------
     0 | D:1      | gobodom the Ogre Hedge Wizard began the quest for the Orb.
     0 | D:1      | Reached XP level 1. HP: 16/16 MP: 5/5
   280 | D:1      | Reached XP level 2. HP: 16/24 MP: 1/6
   305 | D:1      | Slain by a quokka

Illustrated notes

Levels and vault maps discovered:
D:1:      matt_arrival_los_fun, layout_loops_ring

Skill      XL: |  1 |
---------------+----+-----
Dodging        | 2 |  2.0
Staves         | |  0.8
Stealth        | |  1.4
Spellcasting   | |  3.7
Conjurations   | |  0.8
Summonings     | |  0.8
Translocations | |  0.8

Action                   || total
-------------------------++-------
Melee: Staff             ||    22
       Dagger            ||     9
 Cast: Magic Dart        ||     8
Armor: Robe              ||    13
Dodge: Dodged            ||    26

Table legend: (Time is in decaauts)
 A = Elapsed time spent in this place.
 B = Non-inter-level travel time spent in this place.
 C = Inter-level travel time spent in this place.
 D = Time resting spent in this place.
 E = Time spent auto-exploring this place.
 F = Levels seen in this place.
 G = Mean time per level.
                   A        B        C        D        E       F      G
               +--------+--------+--------+--------+--------+-----+--------+
         Total |    308 |    308 |      0 |      0 |    218 |   1 |  308.0 |
       Dungeon |    308 |    308 |      0 |      0 |    218 |   1 |  308.0 |
               +--------+--------+--------+--------+--------+-----+--------+

Top non-repeatable levels by time:
     D:1: 308 daAuts
